 Dungeon Crawl Stone Soup version 0.17.1-3-g152610e (webtiles) character file.

893 senpaigss the Shield-Bearer (level 8, -15/60 HPs)
             Began as a Human Fighter on Apr 19, 2016.
             Was a Follower of Okawaru.
             Demolished by an orc warrior
             ... wielding a cursed +0 halberd
              (20 damage)
             ... on level 6 of the Dungeon.
             The game lasted 00:34:06 (4728 turns).

senpaigss the Shield-Bearer (Human Fighter)         Turns: 4728, Time: 00:34:06

Health: -15/60     AC: 13    Str: 19    XL:     8   Next: 27%
Magic:  8/8        EV: 10    Int:  8    God:    Okawaru [*.....]
Gold:   84         SH: 10    Dex: 13    Spells: 0 memorised, 7 levels left

rFire  . . .     SeeInvis .     h - +3 mace (protect)
rCold  + . .     Clarity  .     e - +1 ring mail {rPois}
rNeg   . . .     SustAt   .     c - +0 shield
rPois  +         Gourm    .     (no helmet)
rElec  .         Spirit   .     t - +0 cloak
rCorr  .         Warding  .     (no gloves)
rMut   .         Stasis   .     (no boots)
MR     +....                    (no amulet)
Stlth  +.........               A - ring of protection from magic
                                f - ring of protection from cold

@: lethally poisoned (-15 -> -16), somewhat resistant to hostile enchantments,
very unstealthy
A: no striking features
a: Heroism, Renounce Religion


You were on level 6 of the Dungeon.
You worshipped Okawaru.
Okawaru was aware of your devotion.
You were not hungry.

You visited 2 branches of the dungeon, and saw 7 of its levels.

You collected 174 gold pieces.
You spent 90 gold pieces at shops.

Inventory:

Hand Weapons
 a - a +0 long sword
 h - a +3 mace of protection (weapon)
 u - a +0 mace
Armour
 b - a +0 scale mail
 c - a +0 shield (worn)
 e - a +1 ring mail of poison resistance (worn)
 t - a +0 cloak (worn)
Jewellery
 f - a ring of protection from cold (left hand)
 j - an uncursed ring of see invisible
 m - an uncursed ring of protection from cold
 q - an uncursed ring of protection from cold
 A - a ring of protection from magic (right hand)
Wands
 k - a wand of magic darts (38)
Scrolls
 g - a scroll of blinking
 i - 3 scrolls of identify
 l - a scroll of enchant armour
 n - 3 scrolls of remove curse
 p - a scroll of fear {unknown}
 w - a scroll of enchant weapon
Potions
 d - 2 potions of might
 s - a potion of agility {unknown}
 v - a potion of heal wounds
 B - a potion of brilliance {unknown}
Comestibles
 o - a meat ration
 r - 3 fruits
 x - 2 beef jerkies
 z - a slice of pizza
 D - 2 bread rations


   Skills:
 + Level 4.3 Fighting
 - Level 2.0 Long Blades
 * Level 4.4 Maces & Flails
 + Level 4.6 Armour
 + Level 3.7 Dodging
 + Level 5.1 Shields


You had 7 spell levels left.
You didn't know any spells.

Dungeon Overview and Level Annotations

Branches:
Dungeon (6/15)             Temple (1/1) D:4

Altars:
Cheibriados
Dithmenos
Elyvilon
Nemelex Xobeh
Okawaru
Qazlal
Sif Muna
Trog
Zin
The Shining One

Shops:
D:4 %


Message History

* * * LOW HITPOINT WARNING * * *
You are too injured to fight recklessly!
You are too injured to fight recklessly!
You are too injured to fight recklessly!
You are too injured to fight recklessly!
You are too injured to fight recklessly!
You are too injured to fight recklessly!
You are too injured to fight recklessly!
You are too injured to fight recklessly!
You are too injured to fight recklessly!
You are too injured to fight recklessly!
You are too injured to fight recklessly!
You are too injured to fight recklessly!
You are too injured to fight recklessly!
You are too injured to fight recklessly!
Drop what? 28/52 slots (_ for help) (? for menu, Esc to quit)
You drop a potion of heal wounds.
The orc closely misses you.
v - a potion of heal wounds The orc warrior hits you with a halberd!!
You die...

# # ......# # ......# #
##.....# #
############......## #
#.........#........##
####.#######.#..........
.....# #.#..oo......
.##### #.##.@## . .#
#.###.)#.... .#
#............ .#
#####........ ##
##......# #...### ####


You could see an orc warrior and an orc.

Vanquished Creatures
  2 ogres
  A sky beast (D:5)
  A centaur (D:5)
  A giant frog zombie (D:5)
  A centaur skeleton (D:4)
  2 hounds
  3 crimson imps (D:5)
  Crazy Yiuf (D:3)
  An orc priest (D:4)
  Ijyb (D:2)
  3 orc wizards
  A worker ant (D:4)
  A hound skeleton (D:4)
  3 adders
  4 worms
  3 giant geckos
  11 orcs
  A ball python (D:1)
  4 giant cockroaches
  4 quokkas
  5 bats
  6 giant newts
  9 goblins
  13 jackals
  5 kobolds
  4 rats
91 creatures vanquished.

Notes
Turn   | Place    | Note
--------------------------------------------------------------
     0 | D:1      | senpaigss the Human Fighter began the quest for the Orb.
     0 | D:1      | Reached XP level 1. HP: 18/18 MP: 1/1
   176 | D:1      | Reached XP level 2. HP: 18/24 MP: 2/2
   696 | D:1      | Reached XP level 3. HP: 29/29 MP: 3/3
  1010 | D:2      | Reached skill level 1 in Dodging
  1085 | D:2      | Noticed Ijyb
  1309 | D:2      | Killed Ijyb
  1309 | D:2      | Reached XP level 4. HP: 35/35 MP: 4/4
  1656 | D:3      | Reached skill level 1 in Maces & Flails
  2150 | D:3      | Reached XP level 5. HP: 39/41 MP: 5/5
  2171 | D:3      | Found a white marble altar of Elyvilon.
  2239 | D:3      | Found an iron altar of Okawaru.
  2252 | D:3      | Became a worshipper of Warmaster Okawaru
  2322 | D:3      | Noticed Crazy Yiuf
  2326 | D:3      | Paralysed by Crazy Yiuf for 5 turns
  2331 | D:3      | Killed Crazy Yiuf
  2638 | D:4      | Reached skill level 4 in Shields
  2638 | D:4      | Reached XP level 6. HP: 47/47 MP: 6/6
  2671 | D:4      | Noticed an ogre
  2682 | D:4      | Killed an ogre
  2806 | D:4      | Found a staircase to the Ecumenical Temple.
  2931 | Temple   | Entered the Ecumenical Temple
  3168 | D:4      | Reached XP level 7. HP: 51/53 MP: 7/7
  3844 | D:4      | Found Curphok's Food Boutique.
  3847 | D:4      | Bought 3 fruits for 45 gold pieces
  3847 | D:4      | Bought a beef jerky for 15 gold pieces
  3847 | D:4      | Bought a slice of pizza for 15 gold pieces
  3847 | D:4      | Bought a beef jerky for 15 gold pieces
  3896 | D:5      | Entered Level 5 of the Dungeon
  4156 | D:5      | Found a sparkling altar of Nemelex Xobeh.
  4156 | D:5      | Found a glowing silver altar of Zin.
  4157 | D:5      | Found a shadowy altar of Dithmenos.
  4169 | D:5      | Found a glowing golden altar of the Shining One.
  4244 | D:5      | Reached * piety under Okawaru
  4360 | D:5      | Reached skill level 5 in Shields
  4360 | D:5      | Reached XP level 8. HP: 48/60 MP: 8/8
  4685 | D:6      | Found an iron altar of Okawaru.
  4728 | D:6      | Demolished by an orc warrior

Action                   |  1- 3 |  4- 6 |  7- 9 || total
-------------------------+-------+-------+-------++-------
Melee: Long sword        |    82 |       |       ||    82
       Mace              |    20 |   125 |   147 ||   292
       Unarmed           |     4 |       |       ||     4
  Use: Scroll            |     6 |       |     4 ||    10
       Potion            |     3 |     1 |     4 ||     8
 Stab: Invisible         |     1 |       |       ||     1
  Eat: Bread ration      |     1 |       |       ||     1
       Beef jerky        |     1 |       |       ||     1
       Chunk             |       |     1 |     1 ||     2
       Royal jelly       |       |     1 |       ||     1
       Meat ration       |       |       |     1 ||     1
